AoeStats
← fmromerocarmona

Arabia

509899853Analyzed
4v4 RM · 5d ago on Sep 28, 2026· 49m 53s· 8 players
Game mode
Random Map
Map size
Large (8 player)
Population
200
Speed
Normal
Resources
Standard
Victory
Conquest
Starting age
Dark Age
Ending age
Imperial Age
RankedLock teamsTeams togetherTeam positionsShared explorationLock speedFull tech treeHidden civsTurbo modeCheats
Victory
Defeat
🇪🇸 Spanish · Spain
867
+12
🇺🇸 Wei · United States
819
+13
🇯🇵 Magyars · Japan
733
+17
🇩🇪 Vietnamese · Germany
675
+20
🇫🇷 Persians · France
770
-16
🇬🇧 Mongols · United Kingdom
769
-16
🇨🇳 Spanish · China
754
-15
🇵🇱 Wu · Poland
741
-15
Diego
0:40 Loom
11:08 Feudal Age
12:27 Wheelbarrow
11:40 Double-Bit Axe
11:38 Horse Collar
12:31 Town Watch
15:59 Stone Mining
16:10 Gold Mining
23:17 Castle Age
22:24 Scale Barding Armor
22:30 Forging
25:00 Husbandry
25:13 Bloodlines
25:57 Bow Saw
30:11 Heavy Plow
30:41 Chain Barding Armor
31:10 Iron Casting
31:37 Gold Shaft Mining
32:20 Ballistics
36:30 Imperial Age
34:25 Hand Cart
35:45 Murder Holes
37:21 Citadels
36:55 Cavalier
38:16 Plate Barding Armor
38:43 Blast Furnace
38:32 Conscription
39:46 Chemistry
40:14 Savar
Zielonidas
6:34 Loom
10:42 Feudal Age
11:08 Double-Bit Axe
Miss Priss
10:58 Feudal Age
16:01 Wheelbarrow
15:14 Double-Bit Axe
15:17 Loom
15:18 Town Watch
23:59 Castle Age
28:45 Husbandry
28:56 Bloodlines
863111034
13:58 Feudal Age
14:49 Man-at-Arms
22:46 Castle Age
23:08 Long Swordsman
23:43 Gambesons
24:09 Scale Mail Armor
27:38 Double-Bit Axe
FlyAirWalker
0:29 Loom
12:14 Feudal Age
13:22 Double-Bit Axe
22:27 Castle Age
20:59 Horse Collar
21:13 Stone Mining
21:16 Gold Mining
26:00 Bow Saw
28:57 Stone Shaft Mining
28:59 Gold Shaft Mining
32:23 Scale Barding Armor
34:42 Chain Barding Armor
34:13 Fletching
37:34 Imperial Age
35:38 Tuntian
36:17 Forging
36:10 Scale Mail Armor
37:21 Thumb Ring
38:19 Iron Casting
39:01 Elite Tiger Cavalry
40:59 Parthian Tactics
41:20 Ming Guang Armor
47:15 Hoardings
50:19 Conscription
fmromerocarmona
0:50 Loom
11:03 Feudal Age
11:34 Double-Bit Axe
18:16 Castle Age
15:57 Horse Collar
19:07 Wheelbarrow
24:26 Bow Saw
25:29 Padded Archer Armor
26:02 Gold Mining
27:21 Husbandry
28:58 Wheelbarrow
28:34 Town Watch
33:43 Imperial Age
31:53 Heavy Plow
33:01 Arson
33:17 Squires
33:02 Gambesons
32:38 Pikeman
33:22 Scale Mail Armor
33:32 Forging
33:39 Leather Archer Armor
34:39 Stone Mining
35:29 Iron Casting
35:09 Chain Mail Armor
35:11 Halberdier
37:27 Chemistry
36:48 Ballistics
36:24 Murder Holes
36:40 Masonry
36:16 Arrowslits
38:30 Blast Furnace
38:02 Ring Archer Armor
40:59 Conscription
42:01 Hoardings
42:15 Plate Mail Armor
42:54 Two-Man Saw
RuinMireia
5:25 Loom
11:20 Feudal Age
12:01 Double-Bit Axe
17:06 Fletching
17:01 Horse Collar
19:14 Padded Archer Armor
25:06 Castle Age
25:07 Crossbowman
26:04 Bow Saw
25:53 Bodkin Arrow
26:43 Gold Mining
28:47 Thumb Ring
30:54 Leather Archer Armor
32:15 Wheelbarrow
33:51 Scale Barding Armor
36:40 Imperial Age
34:57 Gold Shaft Mining
34:25 Heavy Plow
35:33 Husbandry
36:44 Chain Barding Armor
36:40 Bloodlines
39:21 Imperial Age
39:26 Cavalier
40:47 Plate Barding Armor
40:28 Hand Cart
42:45 Paladin
bobozius
12:40 Feudal Age
13:08 Double-Bit Axe
13:09 Horse Collar
14:20 Wheelbarrow
14:26 Wheelbarrow
20:29 Castle Age
19:54 Stone Mining
20:00 Gold Mining
21:35 Bow Saw
21:28 Heavy Plow
21:46 Hand Cart
24:07 Stone Shaft Mining
26:37 Fletching
26:48 Padded Archer Armor
26:21 Elite Skirmisher
26:59 Town Watch
27:45 Bodkin Arrow
29:11 Leather Archer Armor
32:09 Imperial Age
31:06 Town Patrol
30:55 Loom
31:43 Forging
31:33 Scale Mail Armor
31:39 Scale Barding Armor
31:36 Husbandry
31:47 Bloodlines
30:58 Light Cavalry
32:19 Treadmill Crane
32:53 Masonry
33:54 Chemistry
33:07 Masonry
33:29 Paper Money
33:46 Siege Engineers
34:32 Crop Rotation
35:01 Ring Archer Armor
34:11 Imperial Skirmisher
40:21 Elite Rattan Archer
Connection lost

Rejoining the realm…

Still unreachable

The connection could not be restored.

Session expired

The server has moved on; the page needs a fresh start.